 Dungeon Crawl Stone Soup version 0.28.0 (webtiles) character file.

Game seed: 12881302917692166502

256 Findor the Slasher (level 6, -7/45 (47) HPs)
             Began as a Barachi Fighter on Feb 12, 2022.
             Mangled by Crazy Yiuf (8 damage)
             ... on level 3 of the Dungeon.
             The game lasted 00:06:20 (3723 turns).

Findor the Slasher (Barachi Fighter)                Turns: 3723, Time: 00:06:20

HP:   -7/45 (47)    AC: 11    Str: 19    XL:     6   Next: 16%
MP:   0/15          EV:  7    Int:  8    God:
Gold: 168           SH:  4    Dex: 12    Spells: 5/5 levels left

rFire   . . .      SeeInvis .   a - +0 long sword
rCold   . . .      Faith    .   c - +0 buckler
rNeg    . . .      Spirit   +   v - +0 chain mail
rPois   .          Reflect  .   n - +0 helmet
rElec   .          Harm     .   (no cloak)
rCorr   .          Rampage  .   (no gloves)
Will    .....                   p - +0 pair of boots
Stlth   ..........              f - amulet of guardian spirit
HPRegen 0.15/turn               o - ring of magical power
MPRegen 0.14/turn               q - ring of flight

@: brilliant, lethally poisoned (-7 -> -11), unable to hop, flying, lightly
drained, slow
A: amphibious, slowness 1, strong legs 1, +LOS
a: Hop


You were on level 3 of the Dungeon.
You visited 1 branch of the dungeon, and saw 3 of its levels.
You also visited: Sewer.

You collected 168 gold pieces.


Innate Abilities, Weirdness & Mutations

You are amphibious.
You cover ground slowly.
You can hop short distances.
You have an extended range of vision and can be seen from far away.


   Skills:
 - Level 3.6 Fighting
 * Level 7.6 Long Blades
 - Level 3.6 Armour
 - Level 3.2 Shields


You had 5 spell levels left.
You didn't know any spells.
Your spell library was empty.

Inventory:

Hand Weapons
 a - a +0 long sword (weapon)
 d - a +1 short sword of draining
   (You took it off a kobold on level 2 of the Dungeon)
Missiles
 u - a throwing net {!f}
Armour
 c - a +0 buckler (worn)
 n - a +0 helmet (worn)
   (You found it on level 2 of the Dungeon)
 p - a +0 pair of boots (worn)
   (You found it on level 2 of the Dungeon)
 v - a +0 chain mail (worn)
   (You found it on level 3 of the Dungeon)
Jewellery
 f - an amulet of guardian spirit (around neck)
   (You found it on level 1 of the Dungeon)
 o - a ring of magical power (left hand)
   (You found it on level 2 of the Dungeon)
 q - a ring of flight (right hand)
   (You found it on level 2 of the Dungeon)
Scrolls
 g - a scroll of fog
 m - a scroll of enchant weapon {unknown}
 r - a scroll of vulnerability {!r}
Potions
 e - a potion of invisibility {unknown}
 h - a potion of lignification {unknown}
 j - a potion of magic {unknown}
 k - a potion of haste {unknown}
 s - 5 potions of flight
 t - a potion of curing {unknown}


Message History

You slash Crazy Yiuf!
You feel very sick.
Crazy Yiuf hits you with a +4 quarterstaff of chaos!
* * * LOW HITPOINT WARNING * * *
You are lethally poisoned!
Unknown command.
You barely miss Crazy Yiuf.
* * * LOW HITPOINT WARNING * * *
You feel extremely sick.
Crazy Yiuf hits you with a +4 quarterstaff of chaos!
* * * LOW HITPOINT WARNING * * *
Unknown command.
Hop to where?
Press: ? - help, Dir - move target Boing!
* * * LOW HITPOINT WARNING * * *
You feel very sick.
You feel much better.
You feel very sick.
It was a potion of brilliance.
You feel clever all of a sudden.
You feel very sick.
You hit Crazy Yiuf.
You feel very sick.
Crazy Yiuf hits you with a +4 quarterstaff of chaos!
* * * LOW HITPOINT WARNING * * *
You feel drained.
* * * LOW HITPOINT WARNING * * *
Unknown command.
You hit Crazy Yiuf.
* * * LOW HITPOINT WARNING * * *
You feel very sick. Crazy Yiuf barely misses you.
Unknown command.
Unknown command.
Unknown command.
You barely miss Crazy Yiuf.
* * * LOW HITPOINT WARNING * * *
You feel sick.
Crazy Yiuf screams, "Sif Muna stair ena!"
Crazy Yiuf hits you with a +4 quarterstaff of chaos.
* * * LOW HITPOINT WARNING * * *
You feel drained.
* * * LOW HITPOINT WARNING * * *
Okay, then.
You hit Crazy Yiuf.
* * * LOW HITPOINT WARNING * * *
You feel sick. Crazy Yiuf hits you but does no damage.
You are electrocuted!
You die...

.....#
##.......##....###...
.....##
##............## #...
......####
#...#....###..## #...
.........#
#.)..###..##...###..(
.....##### #..))#
#............# ######
#....# #..##.#...##..
.≈.≈## ##.).#
##.##.###.#### ≈≈≈..#
##.## #.##.# #....#
###..# ##@# #....#
####.# ≈≈≈..#####
#g## #.#..# #.#
.≈≈.###..# ##.#
#.#..# #.# ≈≈≈##.#.##
#.## #.#..# #.#
######..# #'#
#.#..######..
≈≈≈≈≈#.## ...
#.#..........
≈≈≈≈≈≈.### #...#
##.#.#########
####≈....# #)..#
#..#.# ##..### #####
#...[#


You could see Crazy Yiuf.

Vanquished Creatures
  4 gnolls (D:2)
  5 river rats (Sewer)
  6 adders
  2 dart slugs
  3 orcs (D:3)
  12 endoplasms
  14 giant cockroaches
  3 goblins
  7 hobgoblins
  2 jackals (Sewer)
  8 quokkas
  10 ball pythons
  13 bats
  3 frilled lizards
  9 kobolds
  4 rats
105 creatures vanquished.

Vanquished Creatures (others)
  A plant (D:1)
1 creature vanquished.

Grand Total: 106 creatures vanquished

Notes
Turn   | Place    | Note
-------+----------+-------------------------------------------
     0 | D:1      | Findor the Barachi Fighter began the quest for the Orb.
     0 | D:1      | Reached XP level 1. HP: 18/18 MP: 1/1
   235 | D:1      | Found a faded altar of an unknown god.
   285 | D:1      | Reached skill level 3 in Long Blades
   290 | D:1      | Reached XP level 2. HP: 24/24 MP: 2/2
   663 | D:1      | Reached skill level 4 in Long Blades
   731 | D:2      | Reached XP level 3. HP: 28/29 MP: 3/3
  1271 | D:2      | Reached skill level 5 in Long Blades
  1271 | D:2      | Reached XP level 4. HP: 31/36 MP: 4/4
  1277 | D:2      | HP: 7/36 [gnoll (2)]
  1762 | D:2      | Reached skill level 6 in Long Blades
  2179 | D:3      | Reached XP level 5. HP: 41/41 MP: 5/5
  2385 | D:3      | Found a glowing drain.
  2407 | Sewer    | Entered a sewer
  2779 | Sewer    | Reached skill level 7 in Long Blades
  2793 | Sewer    | Reached XP level 6. HP: 24/47 MP: 6/6
  3578 | D:3      | Found a runed translucent door.
  3579 | D:3      | Noticed Crazy Yiuf
  3716 | D:3      | HP: 8/47 [Crazy Yiuf (4)]
  3717 | D:3      | HP: 2/47 [poisoned by Crazy Yiuf]
  3722 | D:3      | HP: 6/46 [poisoned by Crazy Yiuf]
  3723 | D:3      | HP: 1/45 [poisoned by Crazy Yiuf]
  3723 | D:3      | Mangled by Crazy Yiuf

Levels and vault maps discovered:
D:1:      minmay_arrival_nine_rooms, layout_rooms,
          dreamdust_ecumenical_altar_grove, minmay_tetromino_o2
D:2:      layout_basic
D:3:      layout_rooms, gup_sewer_entry_pipe, grunt_ministairs_2,
          minmay_liquid_box, minmay_misc_feat_room, uniq_crazy_yiuf_cottage

Action                   |  1- 3 |  4- 6 || total
-------------------------+-------+-------++-------
Melee: Long sword        |    90 |   241 ||   331
 Abil: Hop               |       |     1 ||     1
  Use: Potion            |       |     4 ||     4
       Scroll            |       |     4 ||     4
Armor: Scale mail        |    51 |   104 ||   155
       Chain mail        |       |     3 ||     3
Dodge: Dodged            |    49 |   134 ||   183
Block: Buckler           |    18 |    58 ||    76
